 Dungeon Crawl Stone Soup version 0.31-a0-631-g285b096dc4 (webtiles) character file.

Game seed: 4333497564834455144

575 vogonpoet the Skirmisher (level 7, 0/57 HPs)
             Began as a Minotaur Hunter on Aug 26, 2023.
             Slain by an ogre
             ... wielding a +0 giant club
              (14 damage)
             ... on level 5 of the Dungeon.
             The game lasted 00:06:05 (2652 turns).

vogonpoet the Skirmisher (Minotaur Hunter)          Turns: 2652, Time: 00:06:06

Health: 0/57       AC: 10    Str: 17    XL:     7   Next: 12%
Magic:  6/6        EV: 11    Int:  6    God:
Gold:   191        SH:  0    Dex: 14    Spells: 6/6 levels left

rFire   . . .        a - +0 shortbow
rCold   . . .        (shield currently unavailable)
rNeg    . . .        g - +3 ring mail
rPois   .            (helmet restricted)
rElec   .            u - +0 cloak
rCorr   .            (no gloves)
SInv    .            s - +0 pair of boots
Will    .....        (no amulet)
Stlth   +            (no ring)
HPRegen 0.29/turn    (no ring)
MPRegen 0.10/turn

%: no passive effects
@: no status effects
A: horns 2, retaliatory headbutt
a: no special abilities


You were on level 5 of the Dungeon.
You visited 1 branch of the dungeon, and saw 5 of its levels.

You collected 191 gold pieces.

Inventory:

Hand Weapons
 a - a +0 shortbow (weapon)
 r - the +10 falchion of Ru {protect, rPois Will+ Str-3}
   (You found it on level 3 of the Dungeon)

   Str-3:     It affects your strength (-3).
   rPois:     It protects you from poison Will+: It increases your willpower.
Missiles
 d - 12 poisoned darts
Armour
 c - a +0 leather armour
 g - a +3 ring mail (worn)
 s - a +0 pair of boots (worn)
 u - a +0 cloak (worn)
Magical Staves
 i - a staff of death
 x - a staff of cold
Wands
 w - a wand of roots (5)
Scrolls
 b - a scroll of butterflies
 f - a scroll of amnesia {unknown}
 h - 2 scrolls of vulnerability {unknown}
 j - 4 scrolls of fear {unknown}
 n - 2 scrolls of enchant armour {unknown}
 q - a scroll of blinking {unknown}
 v - 2 scrolls of identify {unknown}
Potions
 e - a potion of haste {unknown}
 k - a potion of heal wounds {unknown}
 l - a potion of curing {unknown}
 m - a potion of enlightenment {unknown}
 o - 2 potions of attraction {unknown}
 p - a potion of mutation {unknown}
 t - a potion of might {unknown}


   Skills:
 + Level 3.4 Fighting
 * Level 9.2 Ranged Weapons
 - Level 2.1 Dodging
 - Level 0.7 Stealth


You had 6 spell levels left.
You didn't know any spells.
Your spell library contained the following spells:

 Spells                   Type           Power      Damage    Failure   Level
 Leda's Liquefaction      Hex/Erth       0%         N/A       100%        4
 Manifold Assault         Tloc           0%         N/A       100%        4
 Lee's Rapid Deconstruct  Erth           0%         3d4*      100%        5
 Dispersal                Tloc           0%         N/A       100%        6
 Leda's Unmaking          Conj/Erth      0%         9d1       100%        6
 Disjunction              Tloc           0%         N/A       100%        8


Dungeon Overview and Level Annotations

Branches:
Dungeon (5/15)
 Temple: D:4-7

Altars:
Kikubaaqudgha

Shops:
D:2 *


Innate Abilities, Weirdness & Mutations

You have a pair of horns on your head.
You reflexively headbutt those who attack you in melee.


Message History

Found a chain mail.
The ogre shouts!
You shoot an arrow. The arrow hits the ogre.
The ogre is lightly wounded.
You shoot an arrow. The arrow hits the ogre.
The ogre is moderately wounded.
You shoot an arrow. The arrow hits the ogre.
The ogre is heavily wounded.
You shoot an arrow. The arrow hits the ogre.
The ogre is heavily wounded.
You shoot an arrow. The arrow hits the ogre.
The ogre is severely wounded.
You shoot an arrow.
The arrow hits the ogre but does no damage.
The ogre is severely wounded.
The ogre hits you with a +0 giant club!
You shoot an arrow. The arrow barely misses the ogre.
The ogre hits you with a +0 giant club!
You are too injured to fight recklessly!
You are too injured to fight recklessly!
You are too injured to fight recklessly!
You are too injured to fight recklessly!
You are too injured to fight recklessly!
Fire: a) +0 shortbow
Press: ? - help, Q - select action, (/) - cycle Shift-Dir - straight line, f/p - ogre
Aim: an ogre, wielding a +0 giant club (severely wounded, 77% to hit)
You shoot an arrow. The arrow completely misses the ogre.
Fire: a) +0 shortbow
Press: ? - help, Q - select action, (/) - cycle Shift-Dir - straight line, f/p - ogre
Aim: an ogre, wielding a +0 giant club (severely wounded, 77% to hit)
You shoot an arrow. The arrow barely misses the ogre.
The ogre hits you with a +0 giant club!
* * * LOW HITPOINT WARNING * * *
Fire: a) +0 shortbow
Press: ? - help, Q - select action, (/) - cycle Shift-Dir - straight line, f/p - ogre
Aim: an ogre, wielding a +0 giant club (severely wounded, 77% to hit)
You shoot an arrow. The arrow hits the ogre!
The ogre is almost dead.
The ogre hits you with a +0 giant club!
You die...

###############
#...#...<.....#
....#...).....#
#...#.........#######
##...###).###†......#
###....#.####.......####
............#...@.......
...##...........O...####
....##...........†>.....
.#......................
........######..........
##......#P.~.#.).....$..
#......#.#####.#.......
###.#..#P# .. [......
.....#~#


You could see an ogre.

Vanquished Creatures
  2 ogres (D:5)
  A scorpion (D:4)
  5 hounds
  An orc priest (D:3)
  7 adders
  A gnoll (D:1)
  An ufetubus (D:4)
  2 worms (D:2)
  4 dart slugs
  5 orcs (D:3)
  4 bats
  6 endoplasms
  4 giant cockroaches
  6 goblins
  11 hobgoblins
  A jackal (D:2)
  4 kobolds
  7 ball pythons
  4 frilled lizards
  7 rats
83 creatures vanquished.

Notes
Turn   | Place    | Note
-------+----------+-------------------------------------------
     0 | D:1      | vogonpoet the Minotaur Hunter began the quest for the Orb.
     0 | D:1      | Reached XP level 1. HP: 18/18 MP: 0/0
   170 | D:1      | Reached XP level 2. HP: 19/25 MP: 1/1
   270 | D:1      | Reached skill level 5 in Ranged Weapons
   455 | D:1      | Reached XP level 3. HP: 30/30 MP: 2/2
   778 | D:2      | Reached skill level 6 in Ranged Weapons
   899 | D:2      | Found Oxapnakopn's Assorted Antiques.
   945 | D:2      | Reached XP level 4. HP: 32/37 MP: 3/3
  1277 | D:3      | Identified the +10 falchion of Ru {protect, rPois Will+
                  | Str-3}
  1623 | D:3      | Reached XP level 5. HP: 42/42 MP: 4/4
  1705 | D:3      | Reached skill level 7 in Ranged Weapons
  1907 | D:4      | Found an ancient bone altar of Kikubaaqudgha.
  1969 | D:4      | Reached XP level 6. HP: 18/51 MP: 5/5
  2114 | D:4      | Reached skill level 8 in Ranged Weapons
  2452 | D:5      | Entered Level 5 of the Dungeon
  2503 | D:5      | Reached skill level 9 in Ranged Weapons
  2503 | D:5      | Reached XP level 7. HP: 36/57 MP: 6/6
  2652 | D:5      | Slain by an ogre

Illustrated notes

Levels and vault maps discovered:
D:1:      minmay_arrival_open_corners, layout_basic
D:2:      minmay_spotlight, layout_rooms, serial_shops, nicolae_diamond_shop
D:3:      layout_basic
D:4:      layout_basic, overflow_temple_1_default, dancing_weapons_uskayaw
D:5:      layout_rooms, tgw_fedhas, serial_aquarium, aquarium_bridge_straight
          [aquarium_subvault_bridge, aquarium_subvault_balcony,
          aquarium_subvault_bridge, aquarium_subvault_window],
          aquarium_window_corner, aquarium_window_2, aquarium_view_2c,
          aquarium_view_2c, aquarium_balcony_3a, aquarium_pool_2

Skill      XL: |  1  2  3  4  5  6 |
---------------+-------------------+-----
Ranged Weapons | 5 6 7 9 |  9.2
Fighting       | 3 |  3.4
Dodging        | |  2.1
Stealth        | |  0.7

Action                     |  1- 3 |  4- 6 |  7- 9 || total
---------------------------+-------+-------+-------++-------
   Fire: Shortbow          |   112 |   196 |    24 ||   332
 Armour: Leather armour    |     3 |       |       ||     3
         Ring mail         |    10 |    51 |     4 ||    65
  Dodge: Dodged            |    27 |    75 |     4 ||   106

Table legend: (Time is in decaauts)
 A = Elapsed time spent in this place.
 B = Non-inter-level travel time spent in this place.
 C = Inter-level travel time spent in this place.
 D = Time resting spent in this place.
 E = Time spent auto-exploring this place.
 F = Levels seen in this place.
 G = Mean time per level.
                   A        B        C        D        E       F      G
               +--------+--------+--------+--------+--------+-----+--------+
         Total |   2698 |   2640 |     58 |    209 |   1659 |   5 |  539.6 |
       Dungeon |   2698 |   2640 |     58 |    209 |   1659 |   5 |  539.6 |
               +--------+--------+--------+--------+--------+-----+--------+

Top non-repeatable levels by time:
     D:3: 792 daAuts
     D:1: 653 daAuts
     D:4: 553 daAuts
     D:2: 497 daAuts
     D:5: 201 daAuts
